 Dungeon Crawl Stone Soup version 0.31-a0-150-g89dc3ad700 (webtiles) character file.

Game seed: 10134458557911311932

7 qw the Shooter (level 2, -2/17 HPs)
             Began as a Gargoyle Hunter on June 8, 2023.
             Slain by a goblin
             ... wielding a +0 dagger
             ... led by Robin
              (5 damage)
             ... on level 2 of the Dungeon.
             The game lasted 00:00:02 (47 turns).

qw the Shooter (Gargoyle Hunter)                      Turns: 47, Time: 00:00:03

Health: -2/17      AC:  5    Str: 14    XL:     2   Next: 4%
Magic:  2/2        EV: 11    Int:  9    God:
Gold:   0          SH:  0    Dex: 13    Spells: 1/1 levels left

rFire   . . .        a - +0 shortbow
rCold   . . .        (shield currently unavailable)
rNeg    + . .        c - +0 leather armour
rPois   inf          (no helmet)
rElec   +            (no cloak)
rCorr   .            (no gloves)
SInv    .            (no boots)
Will    .....        (no amulet)
Stlth   +            (no ring)
HPRegen 0.22/turn    (no ring)
MPRegen 0.08/turn

%: no passive effects
@: no status effects
A: sickness immunity, AC +2, negative energy resistance 1, electricity
resistance, torment resistance 1, petrification resistance
a: no special abilities


You were on level 2 of the Dungeon.
You visited 1 branch of the dungeon, and saw 2 of its levels.


Innate Abilities, Weirdness & Mutations

You are immune to sickness and miasma.
Your stone body is resilient. (AC +2)
You are immune to poison.
You resist negative energy. (rN+)
You are resistant to electric shocks. (rElec)
You are resistant to unholy torment.
You are immune to petrification.


   Skills:
 - Level 2.1 Fighting
 + Level 4.4 Ranged Weapons
 - Level 1.5 Dodging
 - Level 1.1 Stealth


You had one spell level left.
You didn't know any spells.
Your spell library was empty.

Inventory:

Hand Weapons
 a - a +0 shortbow (weapon)
Armour
 c - a +0 leather armour (worn)
Scrolls
 b - a scroll of butterflies
 d - a scroll of identify {unknown}

Dungeon Overview and Level Annotations

Branches:
Dungeon (1/15)

Altars:

Annotations:
D:2 Robin


Message History

The goblin misses you. The hobgoblin barely misses you.
A goblin comes into view. It is wielding a +0 club.
The hobgoblin closely misses you.
You shoot an arrow. The arrow closely misses the hobgoblin.
The goblin hits you with a +0 dagger. The goblin hits you but does no damage.
You shoot an arrow. The arrow barely misses the hobgoblin.
The goblin barely misses you. The hobgoblin barely misses you.
The goblin hits you with a +0 dagger. The goblin barely misses you.
You shoot an arrow. The arrow hits the hobgoblin.
You kill the hobgoblin!
The goblin hits you but does no damage. x3
You have reached level 2!
You shoot an arrow. The arrow barely misses the goblin.
The goblin hits you but does no damage. The goblin closely misses you.
The goblin hits you but does no damage. Robin throws the goblin at you!
The goblin closely misses you. The goblin hits you but does no damage.
The goblin barely misses you.
A goblin comes into view. It is wielding a +0 club.
You shoot an arrow. The arrow hits the goblin.
You kill the goblin!
The goblin closely misses you.
The goblin hits you but does no damage. x2
Robin flexes a bicep menacingly.
Robin throws the goblin at you!
You shoot an arrow. The arrow closely misses the goblin.
The goblin barely misses you. The goblin misses you.
The goblin hits you but does no damage.
You shoot an arrow. The arrow hits Robin.
Robin is moderately wounded.
The goblin hits you but does no damage.
A hobgoblin comes into view.
The goblin closely misses you. The goblin hits you but does no damage.
Robin barely misses you. The goblin hits you but does no damage.
You shoot an arrow.
The arrow hits Robin but does no damage.
Robin is moderately wounded.
The goblin closely misses you. x2; The goblin hits you with a +0 dagger.
Robin roars a battlecry!
The goblins go into a battle-frenzy!
The goblin closely misses you. x2; The goblin hits you with a +0 dagger.
You die...

#. #. #.# #.#
#.#
.#####.#####.##
.......g..g)g.g
##..g## #..g@g#
##.gg## ##.##
#.# #.# ##'##
##...##
##.....##
##.......##


You could see Robin, a hobgoblin (strong) and 4 goblins.

Vanquished Creatures
  A bat (D:2)
  4 goblins (D:2)
  A hobgoblin (D:2)
6 creatures vanquished.

Notes
Turn   | Place    | Note
-------+----------+-------------------------------------------
     0 | D:1      | qw the Gargoyle Hunter began the quest for the Orb.
     0 | D:1      | Reached XP level 1. HP: 12/12 MP: 1/1
     0 | D:1      | 0 ||| qw: Version: 0.2-a-119-g7aa9181
     0 | D:1      | 0 ||| qw: Game counter: 2764
     0 | D:1      | 0 ||| qw: Always use a shield: true
     0 | D:1      | 0 ||| qw: God list: Okawaru
     0 | D:1      | 0 ||| qw: Allow faded altars: false
     0 | D:1      | 0 ||| qw: Do Orc after D:15 true
     0 | D:1      | 0 ||| qw: Do second Lair branch before Depths: true
     0 | D:1      | 0 ||| qw: Lair rune preference: random
     0 | D:1      | 0 ||| qw: Plans: Normal
     0 | D:1      | 0 ||| PLANNING D:1-11
     6 | D:1      | You fall into a shaft and drop 1 floor!
    34 | D:2      | Noticed Robin
    36 | D:2      | 36 ||| Stepping ~*~*~tactically~*~*~ (outnumbered).
    40 | D:2      | HP: 3/12 [goblin/+0 dagger[Robin] (2)]
    41 | D:2      | HP: 1/12 [goblin/+0 dagger[Robin] (2)]
    43 | D:2      | Reached XP level 2. HP: 2/17 MP: 2/2
    47 | D:2      | HP: 3/17 [goblin/+0 dagger[Robin] (1)]
    47 | D:2      | Slain by a goblin

Levels and vault maps discovered:
D:1:      shiori_arrival_elements, layout_basic
D:2:      layout_loops_corners, kennysheep_small_spiral, serial_park_tiny_pond,
          uniq_robin, uniq_crazy_yiuf_cottage, uniq_jessica, uniq_terence

Action                     || total
---------------------------++-------
   Fire: Shortbow          ||    18
 Armour: Leather armour    ||    18
  Dodge: Dodged            ||    20

Table legend:
 A = Non-vault XP
 B = Vault XP
 C = Vault XP percentage of total XP
 D = Non-vault monster count
 E = Vault monster count
 F = Vault count percentage of total count
                 A         B        C        D         E       F
            +---------+---------+-------+---------+---------+-------
      Total |       2 |       9 |  81.8 |       1 |       5 |  83.3
            +---------+---------+-------+---------+---------+-------
        D:2 |       2 |       9 |  81.8 |       1 |       5 |  83.3
            +---------+---------+-------+---------+---------+-------
